AoeStats
← HandledLeader97

Nomad

509673843Analyzed
2v2 RM · 4d ago on Sep 27, 2026· 55m 10s· 4 players
Game mode
Random Map
Map size
176×176
Population
200
Speed
Normal
Resources
Standard
Victory
Conquest
Starting age
Dark Age
Ending age
Imperial Age
RankedLock teamsTeams togetherTeam positionsShared explorationLock speedFull tech treeHidden civsTurbo modeCheats
Victory
Defeat
🇺🇸 Mapuche · United States
1122
+16
🇺🇸 Varangians · United States
1120
+16
🇩🇪 Saxons · Germany
1118
-16
🇩🇪 Vietnamese · Germany
1118
-16
leabea
5:40 Loom
14:50 Feudal Age
16:26 Fletching
22:46 Castle Age
24:48 Bodkin Arrow
26:41 Forging
27:13 Elite Skirmisher
29:05 Double-Bit Axe
30:54 Scale Mail Armor
31:44 Squires
41:00 Arson
43:21 Gambesons
44:18 Padded Archer Armor
46:39 Horse Collar
48:21 Ballistics
52:10 Imperial Age
50:22 Wheelbarrow
51:27 Guard Tower
51:34 Murder Holes
51:51 Masonry
53:23 Bracer
54:59 Leather Archer Armor
55:56 Hoardings
[BLN]Flo
6:19 Loom
14:21 Feudal Age
15:12 Double-Bit Axe
15:20 Gold Mining
17:17 Fishing Lines
21:05 Bloodlines
26:02 Wheelbarrow
25:32 Stone Mining
28:16 Castle Age
26:53 Forging
27:39 Town Watch
29:29 Crossbowman
30:25 Fletching
30:50 Gillnets
31:09 Bodkin Arrow
31:36 Thumb Ring
33:54 Hand Cart
35:30 Padded Archer Armor
37:20 Ballistics
40:04 Horse Collar
48:47 Imperial Age
47:15 Leather Archer Armor
49:13 Bow Saw
49:08 Heavy Plow
49:23 Arbalester
53:43 Two-Man Saw
54:03 Bracer
54:28 Elite Rattan Archer
[EDF] Yummy Buffet
3:13 Loom
14:01 Feudal Age
14:34 Double-Bit Axe
17:02 Fishing Lines
22:19 Castle Age
21:10 Forging
22:34 Stone Mining
22:26 Horse Collar
22:41 Fletching
23:37 Bloodlines
24:36 Husbandry
25:34 Wheelbarrow
27:07 Scale Barding Armor
31:10 Squires
34:31 Heavy Plow
36:49 Town Watch
43:16 Scale Mail Armor
44:50 Iron Casting
44:58 Hand Cart
44:59 Bow Saw
46:50 Hand Cart
48:00 Chain Barding Armor
47:54 Masonry
48:56 Town Patrol
49:37 Chain Mail Armor
52:16 Imperial Age
50:38 Murder Holes
53:21 Guilds
53:34 Conscription
54:00 Siege Engineers
54:13 Gothikon
54:26 Elite Varangian Guard
HandledLeader97
13:54 Feudal Age
13:40 Loom
14:37 Double-Bit Axe
18:49 Castle Age
18:18 Fletching
19:04 Champi Runner
20:15 Bow Saw
20:53 Bodkin Arrow
28:11 Wheelbarrow
29:27 Horse Collar
30:28 Padded Archer Armor
32:09 Town Watch
32:45 Heavy Plow
33:48 Hand Cart
37:32 Imperial Age
36:40 Elite Skirmisher
38:18 Malon
39:26 Leather Archer Armor
41:09 Ring Archer Armor
44:05 Elite Bolas Rider
46:47 Chemistry
46:07 Ballistics
46:23 Butalmapu
52:37 Scale Mail Armor
52:48 Forging
Connection lost

Rejoining the realm…

Still unreachable

The connection could not be restored.

Session expired

The server has moved on; the page needs a fresh start.